 Dungeon Crawl Stone Soup version 0.21.1-1-g345015f (webtiles) character file.

1371 Kandryn the Cudgeler (level 8, -9/79 HPs)
             Began as a Troll Berserker on June 22, 2018.
             Was a Priest of Trog.
             Mangled by an orc warrior
             ... wielding a cursed -1 glaive
              (16 damage)
             ... on level 7 of the Dungeon.
             The game lasted 00:14:23 (3603 turns).

Kandryn the Cudgeler (Troll Berserker)              Turns: 3603, Time: 00:14:24

Health: -9/79      AC:  6    Str: 27 (28) XL:     8   Next: 38%
Magic:  7/7        EV: 11    Int:  3      God:    Trog [***...]
Gold:   178        SH:  0    Dex:  9      Spells: 7/7 levels left

rFire    . . .     SeeInvis .   a - +1 mace
rCold    . . .     Gourm    +   (no shield)
rNeg     . . .     Faith    .   b - +1 animal skin
rPois    .         Spirit   .   (helmet restricted)
rElec    .         Reflect  .   (no cloak)
rCorr    .         Harm     .   (gloves unavailable)
MR       .....                  (boots unavailable)
Stlth    +.........             (no amulet)
HPRegen  0.63/turn              (no ring)
MPRegen  0.10/turn              (no ring)

@: flying
A: large, unfitting armour, claws 3, fast metabolism 3, gourmand, regeneration
1, shaggy fur 1, tough skin 2
a: Berserk, Trog's Hand, Burn Spellbooks, Renounce Religion


You were on level 7 of the Dungeon.
You worshipped Trog.
Trog was most pleased with you.
You were not hungry.

You visited 1 branch of the dungeon, and saw 7 of its levels.

You collected 178 gold pieces.

Inventory:

Hand Weapons
 a - a +1 mace (weapon)
 d - a +0 dire flail of venom
Armour
 b - a +1 animal skin (worn)
 i - a +0 buckler
 l - a +0 robe of cold resistance
Jewellery
 g - a cursed -2 ring of intelligence
 k - a cursed amulet of inaccuracy {unknown}
Wands
 p - a wand of iceblast (10)
Scrolls
 e - 3 scrolls of enchant weapon
 j - a scroll of blinking
 q - a scroll of teleportation {unknown}
 r - a scroll of remove curse
Potions
 f - a potion of mutation {unknown}
 h - a potion of curing
 m - a potion of lignification {unknown}
 n - a potion of flight
 o - a potion of haste {unknown}
Comestibles
 c - 9 rations


   Skills:
 + Level 4.5 Fighting
 + Level 7.5 Maces & Flails
 + Level 4.8 Dodging
 + Level 0.5 Stealth


You had 7 spell levels left.
You didn't know any spells.

Dungeon Overview and Level Annotations

Branches:
Dungeon (8/15)             Temple (0/1) D:4
   Lair: D:8-11

Altars:
Cheibriados
Dithmenos
Fedhas
Hepliaklqana
Kikubaaqudgha
Makhleb
Okawaru
Ru
Sif Muna
Vehumet
Yredelemnul
The Shining One

Shops:
D:4 %


Innate Abilities, Weirdness & Mutations

You are too large for most types of armour.
You have claws for hands.
Your metabolism is lightning-fast.
You like to eat raw meat.
Your natural rate of healing is unusually fast.
You are covered in fur. (AC +1)
You have very tough skin. (AC +2)


Message History

The orc warrior hits you with an enchanted glaive!
* * * LOW HITPOINT WARNING * * *
You hit the orc warrior but do no damage.
The orc warrior is lightly wounded.
Okay, then.
It was a potion of curing.
You feel better.
The orc warrior hits you with an enchanted glaive.
* * * LOW HITPOINT WARNING * * *
Okay, then.
It was a potion of flight.
You feel very buoyant.
You fly up into the air.
The orc warrior hits you with an enchanted glaive!
* * * LOW HITPOINT WARNING * * *
The orc warrior barely misses you.
You fly upwards.
There is a stone staircase leading down, spattered with blood here.
You see here a mace.
The orc warrior hits you from afar with an enchanted glaive!
You die...

#........#
#.....##......#
#........##
#.....##.......
#####..#..#
#..........#... ##..##.#
#.....##.......
#...>..###.....##.......
#.#.#...####.###.o.#####
#.#.##o.5.##.##.o.######
#.#.###.#....##...##....
# #.# #@###..##.......##
#.# #.###....5).......
#.#..............#..##
#. .###.#.......##.##
...##.......### .#
.............###.###
..........#.........#
... ........[........#
.................#


You could see an orc warrior and a crimson imp.

Vanquished Creatures
  A hippogriff (D:8)
  Edmund (D:5)
  A phantom (D:7)
  3 ogres (D:4)
  A bullfrog (D:7)
  A scorpion (D:4)
  2 crimson imps (D:5)
  2 hounds
  A jelly (D:5)
  4 orc priests
  A centaur skeleton (D:7)
  5 worker ants
  3 orc wizards
  A worker ant zombie (D:7)
  3 adders
  An adder skeleton (D:5)
  2 worms (D:4)
  3 dart slugs
  4 leopard geckos
  13 orcs
  2 ball pythons
  5 bats
  3 giant cockroaches
  7 goblins
  8 hobgoblins
  3 kobolds
  2 quokkas
  3 frilled lizards
  A leopard gecko zombie (D:7)
  2 rats
89 creatures vanquished.

Notes
Turn   | Place    | Note
-------+----------+-------------------------------------------
     0 | D:1      | Kandryn the Troll Berserker began the quest for the Orb.
     0 | D:1      | Reached XP level 1. HP: 22/22 MP: 0/0
    94 | D:1      | Reached XP level 2. HP: 29/29 MP: 1/1
   301 | D:1      | Reached skill level 3 in Maces & Flails
   711 | D:2      | Reached XP level 3. HP: 36/36 MP: 2/2
   733 | D:2      | Found a burning altar of Makhleb.
   735 | D:2      | Found a deep blue altar of Sif Muna.
   739 | D:2      | Found a sacrificial altar of Ru.
   746 | D:2      | Found a shadowy altar of Dithmenos.
   749 | D:2      | Found a radiant altar of Vehumet.
   750 | D:2      | Found a basalt altar of Yredelemnul.
   750 | D:2      | Found a snail-covered altar of Cheibriados.
   752 | D:2      | Found an iron altar of Okawaru.
   753 | D:2      | Found a hazy altar of Hepliaklqana.
   754 | D:2      | Found an ancient bone altar of Kikubaaqudgha.
   865 | D:2      | Reached ** piety under Trog
   931 | D:2      | Found a glowing golden altar of the Shining One.
  1391 | D:4      | Noticed an ogre
  1402 | D:4      | Killed an ogre
  1402 | D:4      | Reached skill level 4 in Maces & Flails
  1402 | D:4      | Reached XP level 4. HP: 45/45 MP: 3/3
  1408 | D:4      | Reached XP level 5. HP: 52/53 MP: 4/4
  1613 | D:4      | Noticed an ogre
  1747 | D:4      | Killed an ogre
  1747 | D:4      | Reached skill level 5 in Maces & Flails
  1747 | D:4      | Reached XP level 6. HP: 60/61 MP: 5/5
  1792 | D:4      | Found a blossoming altar of Fedhas.
  1889 | D:4      | Reached XP level 7. HP: 49/68 MP: 6/6
  2013 | D:4      | Found a staircase to the Ecumenical Temple.
  2118 | D:4      | Found Uwem's Food Shoppe.
  2349 | D:5      | Entered Level 5 of the Dungeon
  2431 | D:5      | Reached skill level 6 in Maces & Flails
  2680 | D:5      | Noticed Edmund
  2688 | D:5      | Killed Edmund
  2802 | D:5      | Reached *** piety under Trog
  2943 | D:5      | You fall through a shaft for 2 floors!
  2957 | D:7      | Reached XP level 8. HP: 78/78 MP: 7/7
  3032 | D:7      | Noticed a hippogriff
  3033 | D:7      | Reached skill level 7 in Maces & Flails
  3057 | D:8      | Killed a hippogriff
  3597 | D:8      | HP: 2/79 [orc warrior/enchanted glaive (17)]
  3603 | D:7      | Mangled by an orc warrior

Skill      XL: |  1  2  3  4  5  6  7  8 |
---------------+-------------------------+-----
Maces & Flails | 3 4 5 6 7 |  7.5
Fighting       | 3 4 |  4.5
Dodging        | 3 4 |  4.8
Stealth        | |  0.5

Action                   |  1- 3 |  4- 6 |  7- 9 || total
-------------------------+-------+-------+-------++-------
Melee: Mace              |   113 |    67 |   169 ||   349
Invok: Berserk           |       |     2 |     3 ||     5
  Use: Scroll            |     4 |     4 |     1 ||     9
       Potion            |       |       |     4 ||     4
 Stab: Sleeping          |       |       |     1 ||     1
  Eat: Chunk             |    18 |     3 |    16 ||    37
Armor: Animal skin       |    46 |     9 |    46 ||   101
Dodge: Dodged            |    67 |    28 |   107 ||   202
